 Dungeon Crawl Stone Soup version 0.22-a0-305-gd21a89c (webtiles) character file.

188 pkoi the Slasher (level 5, 0/42 HPs)
             Began as a Minotaur Gladiator on Mar 31, 2018.
             Was an Initiate of Dithmenos.
             Succumbed to an adder's poison
             ... on level 2 of the Dungeon.
             The game lasted 00:03:37 (3279 turns).

pkoi the Slasher (Minotaur Gladiator)               Turns: 3279, Time: 00:03:38

Health: 0/42       AC:  4    Str: 20    XL:     5   Next: 39%
Magic:  4/4        EV: 12    Int:  5    God:    Dithmenos [......]
Gold:   141        SH:  0    Dex: 11    Spells: 4/4 levels left

rFire    + . .     SeeInvis .   a - +0 long sword
rCold    + . .     Gourm    .   (no shield)
rNeg     . . .     Faith    .   b - +0 leather armour
rPois    +         Spirit   .   c - +1 hat
rElec    +         Reflect  .   (no cloak)
rCorr    +         Harm     .   (no gloves)
MR       .....                  (no boots)
Stlth    ..........             p - amulet of magic regeneration
HPRegen  0.14/turn              i - ring of loudness (curse)
MPRegen  0.34/turn              e - ring of flight

@: lethally poisoned (0 -> -5), resistant
A: retaliatory headbutt, horns 2
a: Renounce Religion, Evoke Flight


You were on level 2 of the Dungeon.
You worshipped Dithmenos.
Dithmenos was noncommittal.
You were not hungry.

You visited 1 branch of the dungeon, and saw 3 of its levels.

You collected 141 gold pieces.

Inventory:

Hand Weapons
 a - a +0 long sword (weapon)
Missiles
 d - 4 throwing nets (quivered)
 l - 4 tomahawks of returning
Armour
 b - a +0 leather armour (worn)
 c - a +1 hat (worn)
Jewellery
 e - a ring of flight (right hand)
 i - a cursed ring of loudness (left hand)
 p - an amulet of magic regeneration (around neck)
Scrolls
 h - 3 scrolls of identify
 j - a scroll of teleportation
Potions
 k - a potion of berserk rage
Comestibles
 f - 4 rations
 o - a chunk of flesh


   Skills:
 - Level 2.4 Fighting
 + Level 6.8 Long Blades
 + Level 3.0 Throwing
 - Level 3.2 Dodging


You had 4 spell levels left.
You didn't know any spells.

Dungeon Overview and Level Annotations

Branches:
Dungeon (3/15)

Altars:
Cheibriados
Dithmenos
Sif Muna
Yredelemnul

Annotations:
D:3 Natasha


Innate Abilities, Weirdness & Mutations

You reflexively headbutt those who attack you in melee.
You have a pair of horns on your head.


Message History

You feel sick. Natasha claws you!
* * * LOW HITPOINT WARNING * * *
Natasha claws you.
* * * LOW HITPOINT WARNING * * *
The adder barely misses you.
You riposte.
You closely miss the adder. Your headbutt misses the adder.
Natasha mumbles some strange words.
Natasha's front paws start to glow.
There is a stone staircase leading up here.
Unknown command.
You feel sick. The adder bites you but does no damage. The adder bites you.
* * * LOW HITPOINT WARNING * * *
You are more poisoned.
The adder poisons you!
You climb upwards.
There is a stone staircase leading down here.
Unknown command.
It was a potion of resistance.
You feel protected.
You die...

#....................###.###
#..#####.....##.####........
#..## #.###..<.# #........
#...# #.# #.#).# #..##..##
##..## #.###....####.(.#..#
#...###..................##
#..#.......................
#.>.######S###.##........##
#........S@# #.##........##
##..######.###.###.........
#..###....................
#.........###.###.#.##..##
##.###....# #.....#.##....
#.###.#..#########.##.###
#.....#............##.#
########(#########.##.# #.#
#.##.###


You could see 2 adders.

Vanquished Creatures
  Natasha (D:3)
  A worker ant (D:3)
  3 adders
  5 gnolls
  A worm (D:3)
  2 dart slugs
  3 leopard geckos (D:1)
  3 giant cockroaches
  3 goblins (D:2)
  11 hobgoblins
  5 kobolds
  2 quokkas
  2 ball pythons
  4 bats
  5 frilled lizards
  9 rats
60 creatures vanquished.

Notes
Turn   | Place    | Note
-------+----------+-------------------------------------------
     0 | D:1      | pkoi the Minotaur Gladiator began the quest for the Orb.
     0 | D:1      | Reached XP level 1. HP: 18/18 MP: 0/0
   340 | D:1      | Reached skill level 4 in Long Blades
   591 | D:1      | Reached XP level 2. HP: 19/25 MP: 1/1
  1203 | D:1      | Reached skill level 5 in Long Blades
  1203 | D:1      | Reached XP level 3. HP: 12/30 MP: 2/2
  1951 | D:1      | Reached skill level 6 in Long Blades
  1951 | D:1      | Reached XP level 4. HP: 37/37 MP: 3/3
  2575 | D:2      | Found a deep blue altar of Sif Muna.
  2612 | D:3      | Found a snail-covered altar of Cheibriados.
  2823 | D:3      | Found a basalt altar of Yredelemnul.
  2874 | D:3      | Found a shadowy altar of Dithmenos.
  2900 | D:3      | Became a worshipper of Dithmenos the Shadowed
  3111 | D:3      | Reached XP level 5. HP: 32/42 MP: 4/4
  3168 | D:3      | Noticed Natasha
  3198 | D:3      | Killed Natasha
  3272 | D:3      | Noticed Natasha
  3277 | D:3      | HP: 1/42 [adder (2)]
  3279 | D:2      | Succumbed to an adder's poison

Vault maps used:
D:1:      saegor_arrival_miasma, bh_walls_and_bars
D:2:      led_sif_pool
D:3:      kennysheep_slug_shrine, nicolae_overflow_crystal_walls,
          nicolae_dithmenos_shadow_blocks, portal_sewer_entry_a,
          fedhas_altar_fruit_tree, uniq_natasha

Skill      XL: |  1  2  3  4  5 |
---------------+----------------+-----
Long Blades    | 4 5 6 |  6.8
Throwing       | 3 |  3.0
Fighting       | |  2.4
Dodging        | |  3.2

Action                   |  1- 3 |  4- 6 || total
-------------------------+-------+-------++-------
Melee: Long sword        |    54 |    78 ||   132
       Headbutt          |     7 |    16 ||    23
  Use: Scroll            |       |     7 ||     7
       Potion            |       |     1 ||     1
  Eat: Chunk             |     3 |     4 ||     7
Armor: Leather armour    |    12 |    16 ||    28
Dodge: Dodged            |    40 |    45 ||    85
       Rpst.: Long sword |     9 |    14 ||    23

Table legend:
 A = Spawn XP
 B = Non-spawn XP
 C = Spawn XP percentage of total XP
 D = Spawn monster count
 E = Non-spawn monster count
 F = Spawn count percentage of total count
 G = Total turns spent on level
                    A         B        C        D         E        F      G
               +---------+---------+-------+---------+---------+-------+---------
         Total |       0 |     269 |   0.0 |       0 |      60 |   0.0 |  3279
               +---------+---------+-------+---------+---------+-------+---------
           D:1 |       0 |      71 |   0.0 |       0 |      19 |   0.0 |  1662
           D:2 |       0 |      54 |   0.0 |       0 |      20 |   0.0 |  1044
           D:3 |       0 |     144 |   0.0 |       0 |      21 |   0.0 |   573
               +---------+---------+-------+---------+---------+-------+---------
